 Dungeon Crawl Stone Soup version 0.29-a0-541-gaf1fc19f1b (webtiles) character file.

Game seed: 14992496385106434574

63 xian the Cudgeller (level 3, -4/28 HPs)
             Began as a Demonspawn Gladiator on June 3, 2022.
             Slain by Sigmund
             ... wielding a +0 scythe
              (7 damage)
             ... on level 2 of the Dungeon.
             The game lasted 00:05:08 (2054 turns).

xian the Cudgeller (Demonspawn Gladiator)           Turns: 2054, Time: 00:05:09

Health: -4/28      AC:  4    Str: 16    XL:     3   Next: 89%
Magic:  3/3        EV: 13    Int:  9    God:
Gold:   56         SH:  0    Dex: 14    Spells: 2/2 levels left

rFire   . . .      SeeInvis .   f - +0 great sword
rCold   . . .      Faith    .   (shield currently unavailable)
rNeg    . . .      Spirit   .   b - +0 leather armour
rPois   .          Reflect  .   c - +0 helmet
rElec   .          Harm     .   (no cloak)
rCorr   .          Rampage  .   (no gloves)
Will    .....                   (no boots)
Stlth   +.........              (no amulet)
HPRegen 0.09/turn               (no ring)
MPRegen 0.08/turn               (no ring)

@: no status effects
A: sturdy frame 1
a: no special abilities


You were on level 2 of the Dungeon.
You visited 1 branch of the dungeon, and saw 2 of its levels.

You collected 56 gold pieces.

Inventory:

Hand Weapons
 f - a +0 great sword (weapon)
Missiles
 d - 2 throwing nets
 e - a javelin
 h - a poisoned dart (quivered)
Armour
 b - a +0 leather armour (worn)
 c - a +0 helmet (worn)
Scrolls
 a - 3 scrolls of identify {unknown}
 g - a scroll of blinking {unknown}
 j - a scroll of teleportation {unknown}
Potions
 i - a potion of degeneration {unknown}


   Skills:
 + Level 2.3 Fighting
 + Level 1.3 Long Blades
 + Level 3.4 Maces & Flails
 + Level 1.8 Throwing
 + Level 0.1 Armour
 + Level 3.1 Dodging
 + Level 0.1 Stealth


You had 2 spell levels left.
You didn't know any spells.
Your spell library was empty.

Dungeon Overview and Level Annotations

Branches:
Dungeon (2/15)

Altars:

Annotations:
D:2 Sigmund


Innate Abilities, Weirdness & Mutations

Your movements are slightly less encumbered by armour. (ER -2)


Message History

The kobold hits you with a +0 short sword.
A magic dart appears from out of thin air!
The magic dart hits you!
You slash the kobold!
You kill the kobold!
Found a stone staircase leading down.
No target in view!
Throw: 5 darts (poison)
Press: ? - help, Q - select action, (/) - cycle Shift-Dir - straight line You throw a poisoned dart.
Throw: 4 darts (poison)
Press: ? - help, Q - select action, (/) - cycle Shift-Dir - straight line You throw a poisoned dart.
Throw: 3 darts (poison)
Press: ? - help, Q - select action, (/) - cycle Shift-Dir - straight line You throw a poisoned dart.
Throw: 2 darts (poison)
Press: ? - help, Q - select action, (/) - cycle Shift-Dir - straight line You throw a poisoned dart.
Unknown command.
Something hits you!
You miss something. Something barely misses you.
You miss something. Something hits you but does no damage.
Throw: 3 throwing nets
Press: ? - help, Q - select action, (/) - cycle Shift-Dir - straight line You throw a throwing net.
Something gets caught in the net!
You hear some strange, mumbled words.
You are confused.
Something wriggles in the net.
You bump into the rock wall.
You bump into the rock wall.
Something wriggles in the net.
You bump into the rock wall.
Something wriggles in the net.
Something wriggles in the net.
Something wriggles in the net.
All of a sudden the net rips apart!
You barely miss something.
You feel less confused. Something hits you!
* * * LOW HITPOINT WARNING * * *
You miss something. Something hits you!
You die...

#.#.# ######.... ###### ......#.#
#....# #.##..#.# .....# #.##..#.#
.....##### # #(.......
.........### #.# #)##..#.#
.....###.#.########.#####.##.....
..........()...{@................
.....###.#†#.####.#.##.##)#####.#
...................>##.##.####..#
...##.#.....###.#.####.##........
......#..#...##.#.# #.##.#.#..##
#............##.#.####.........#
.#........#.##.#......##.#.#..#
........................#.#..#
..#...###.##.#.#.#...###.#.)##


There were no monsters in sight!

Vanquished Creatures
  A worm (D:2)
  A dart slug (D:1)
  5 ball pythons
  6 endoplasms
  3 giant cockroaches (D:2)
  7 goblins
  3 hobgoblins (D:1)
  6 jackals
  6 kobolds
  4 quokkas
  2 bats
  2 frilled lizards
  2 rats
48 creatures vanquished.

Notes
Turn   | Place    | Note
-------+----------+-------------------------------------------
     0 | D:1      | xian the Demonspawn Gladiator began the quest for the Orb.
     0 | D:1      | Reached XP level 1. HP: 16/16 MP: 1/1
    33 | D:1      | Gained mutation: Your movements are slightly less
                  | encumbered by armour. (ER -2) [demonic ancestry]
    33 | D:1      | Reached XP level 2. HP: 9/22 MP: 2/2
   706 | D:1      | Reached XP level 3. HP: 27/27 MP: 3/3
  1782 | D:2      | Reached skill level 1 in Long Blades
  1944 | D:2      | Found a faded altar of an unknown god.
  2028 | D:2      | Noticed Sigmund
  2054 | D:2      | Slain by Sigmund

Illustrated notes

Levels and vault maps discovered:
D:1:      doesnt_arrival_eight_statues, layout_basic
D:2:      layout_basic, hellmonk_ecumenical_altar_arch_garden,
          minmay_surrounded, uniq_sigmund

Skill      XL: |  1  2  3 |
---------------+----------+-----
Maces & Flails | 3 |  3.4
Dodging        | 3 |  3.1
Long Blades    | 1 |  1.3
Fighting       | |  2.3
Throwing       | |  1.8
Armour         | |  0.1
Stealth        | |  0.1

Action                   || total
-------------------------++-------
Melee: Flail             ||    32
       Great sword       ||    81
Throw: Dart              ||     9
       Throwing net      ||     1
 Stab: Sleeping          ||     1
Armor: Leather armour    ||    44
Dodge: Dodged            ||   131

Table legend: (Time is in decaauts)
 A = Elapsed time spent in this place.
 B = Non-inter-level travel time spent in this place.
 C = Inter-level travel time spent in this place.
 D = Time resting spent in this place.
 E = Time spent auto-exploring this place.
 F = Levels seen in this place.
 G = Mean time per level.
                   A        B        C        D        E       F      G
               +--------+--------+--------+--------+--------+-----+--------+
         Total |   2114 |   2114 |      0 |    241 |   1366 |   2 | 1057.0 |
       Dungeon |   2114 |   2114 |      0 |    241 |   1366 |   2 | 1057.0 |
               +--------+--------+--------+--------+--------+-----+--------+

Top non-repeatable levels by time:
     D:1: 1130 daAuts
     D:2: 983 daAuts
